 Dungeon Crawl Stone Soup version 0.29-a0-839-g4793fd635e (webtiles) character file.

Game seed: 18364231325043179152

51 27snakeeyes612 the Shooter (level 3, -5/31 HPs)
             Began as a Minotaur Hunter on July 14, 2022.
             Slain by a worm (8 damage)
             ... on level 2 of the Dungeon.
             The game lasted 00:00:49 (1073 turns).

27snakeeyes612 the Shooter (Minotaur Hunter)        Turns: 1073, Time: 00:00:49

Health: -5/31      AC:  4    Str: 17    XL:     3   Next: 58%
Magic:  2/2        EV: 12    Int:  6    God:
Gold:   46         SH:  0    Dex: 13    Spells: 2/2 levels left

rFire   . . .      SeeInvis .   a - +0 shortbow
rCold   . . .      Faith    .   (shield currently unavailable)
rNeg    . . .      Spirit   .   c - +0 leather armour
rPois   .          Reflect  .   (helmet restricted)
rElec   .          Harm     .   h - +0 cloak
rCorr   .          Rampage  .   (no gloves)
Will    .....                   (no boots)
Stlth   ++........              (no amulet)
HPRegen 0.10/turn               (no ring)
MPRegen 0.08/turn               (no ring)

@: no status effects
A: horns 2, retaliatory headbutt
a: no special abilities


You were on level 2 of the Dungeon.
You visited 1 branch of the dungeon, and saw 2 of its levels.

You collected 46 gold pieces.

Inventory:

Hand Weapons
 a - a +0 shortbow (weapon)
Armour
 c - a +0 leather armour (worn)
 h - a +0 cloak (worn)
Scrolls
 b - a scroll of immolation
 d - a scroll of teleportation {unknown}
 e - a scroll of enchant weapon {unknown}
 f - a scroll of poison {unknown}
 g - a scroll of noise {unknown}
 j - 2 scrolls of identify {unknown}
Potions
 i - a potion of cancellation {unknown}


   Skills:
 + Level 3.1 Fighting
 + Level 4.8 Ranged Weapons
 + Level 2.9 Dodging
 + Level 1.6 Stealth


You had 2 spell levels left.
You didn't know any spells.
Your spell library contained the following spells:

 Spells                   Type           Power      Damage    Failure   Level
 Slow                     Hex            0%         N/A       52%         1
 Confusing Touch          Hex            0%         N/A       88%         3
 Vampiric Draining        Necr           0%         2d6       88%         3


Dungeon Overview and Level Annotations

Branches:
Dungeon (2/15)

Altars:

Shops:
D:2 :


Innate Abilities, Weirdness & Mutations

You have a pair of horns on your head.
You reflexively headbutt those who attack you in melee.


Message History

Aim: a worm (moderately wounded, 79% to hit)
You shoot an arrow. The arrow completely misses the worm.
Fire: a) +0 shortbow
Press: ? - help, Q - select action Shift-Dir - straight line, f/p - worm
Aim: a worm (moderately wounded, 79% to hit)
You shoot an arrow.
The arrow hits the worm but does no damage.
The worm is moderately wounded.
The worm closely misses you.
Fire: a) +0 shortbow
Press: ? - help, Q - select action Shift-Dir - straight line, f/p - worm
Aim: a worm (moderately wounded, 79% to hit)
You shoot an arrow. The arrow hits the worm.
The worm is heavily wounded.
The worm bites you!
* * * LOW HITPOINT WARNING * * *
Fire: a) +0 shortbow
Press: ? - help, Q - select action Shift-Dir - straight line, f/p - worm
Aim: a worm (heavily wounded, 79% to hit)
You shoot an arrow. The arrow hits the worm!
The worm is severely wounded.
The worm misses you.
Fire: a) +0 shortbow
Press: ? - help, Q - select action Shift-Dir - straight line, f/p - worm
Aim: a worm (severely wounded, 79% to hit)
You shoot an arrow. The arrow hits the worm.
The worm is almost dead.
Fire: a) +0 shortbow
Press: ? - help, Q - select action Shift-Dir - straight line, f/p - worm
Aim: a worm (almost dead, 79% to hit)
You shoot an arrow. The arrow hits the worm.
The worm is almost dead.
The worm bites you.
* * * LOW HITPOINT WARNING * * *
Fire: a) +0 shortbow
Press: ? - help, Q - select action Shift-Dir - straight line, f/p - worm
Aim: a worm (almost dead, 79% to hit)
You shoot an arrow. The arrow barely misses the worm.
The worm bites you!
You die...

..#.## #.#.## #.#.##
#.#.## ########.#...
## #.....##.#... #.
#.###........
###.#####.########...
#...@...............#
#.#w####.∩..........#
#. ############.# ..
#.# ... .# .... .#
..... .# #.....


You could see a worm.

Vanquished Creatures
  A gnoll (D:1)
  2 dart slugs (D:1)
  4 endoplasms
  3 giant cockroaches
  2 goblins (D:1)
  3 hobgoblins
  7 jackals (D:1)
  2 quokkas (D:1)
  A ball python (D:1)
  3 bats
  A frilled lizard (D:1)
  3 rats (D:1)
32 creatures vanquished.

Notes
Turn   | Place    | Note
-------+----------+-------------------------------------------
     0 | D:1      | 27snakeeyes612 the Minotaur Hunter began the quest for the
                  | Orb.
     0 | D:1      | Reached XP level 1. HP: 18/18 MP: 0/0
    61 | D:1      | Reached skill level 1 in Stealth
    86 | D:1      | Reached XP level 2. HP: 25/25 MP: 1/1
   307 | D:1      | Reached XP level 3. HP: 15/31 MP: 2/2
  1026 | D:2      | Found Xessiuti's Book Shop.
  1073 | D:2      | Slain by a worm

Illustrated notes

Levels and vault maps discovered:
D:1:      mrwooster_arrival_arrow, layout_rooms
D:2:      layout_basic, serial_shops, shop, uniq_sigmund

Skill      XL: |  1  2 |
---------------+-------+-----
Stealth        | 1 |  1.6
Fighting       | 3 |  3.1
Ranged Weapons | |  4.8
Dodging        | |  2.9

Action                   || total
-------------------------++-------
 Fire: Shortbow          ||   115
Armor: Leather armour    ||    18
Dodge: Dodged            ||    52

Table legend: (Time is in decaauts)
 A = Elapsed time spent in this place.
 B = Non-inter-level travel time spent in this place.
 C = Inter-level travel time spent in this place.
 D = Time resting spent in this place.
 E = Time spent auto-exploring this place.
 F = Levels seen in this place.
 G = Mean time per level.
                   A        B        C        D        E       F      G
               +--------+--------+--------+--------+--------+-----+--------+
         Total |   1107 |   1085 |     22 |      0 |    887 |   2 |  553.5 |
       Dungeon |   1107 |   1085 |     22 |      0 |    887 |   2 |  553.5 |
               +--------+--------+--------+--------+--------+-----+--------+

Top non-repeatable levels by time:
     D:1: 1035 daAuts
     D:2: 72 daAuts
